TOP OF THE 1ST |
El Paso Chihuahuas batting - Pitching for Iowa Cubs : RHP Dustin Buckner
|
Pitching: RHP Dustin Buckner
|
|
Batting: RHB Dave McBain
|
0-0: Ball 1-0: Ball 2-0: Ball 3-0: Called Strike 3-1: Base on Balls
|
Batting: LHB Carlos Cuellar
|
0-0: Called Strike Dave McBain steals 2nd, throwing error, E2 Dave McBain to third 0-1: Ball 1-1: Foul Ball, location: 2F 1-2: SINGLE (Groundball, 6D, EV 95.0 MPH) Dave McBain scores
|
Batting: LHB Angel Mejia
|
0-0: Ball 1-0: Ball 2-0: Called Strike 2-1: Ball 3-1: Grounds into double play, 4-6-3 (Groundball, 4, EV 88.1 MPH)
|
Batting: RHB Jerry Escamilla
|
0-0: Called Strike 0-1: Foul Ball, location: 2F 0-2: Ball 1-2: Ball 2-2: Strikes out swinging
|
Top of the 1st over - 1 run, 1 hit, 1 error, 0 left on base; El Paso 1 - Iowa 0 |
BOTTOM OF THE 1ST |
Iowa Cubs batting - Pitching for El Paso Chihuahuas : RHP Pat Matera
|
Pitching: RHP Pat Matera
|
|
Batting: RHB Adam Kelliher
|
0-0: Ball 1-0: Called Strike 1-1: Swinging Strike 1-2: Foul Ball, location: 2F 1-2: Strikes out swinging
|
Batting: RHB Khalil Stephens
|
0-0: Ball 1-0: Foul Ball, location: 2F 1-1: Fly out, F3 (Line Drive, 3, EV 71.2 MPH)
|
Batting: RHB Ryan Walker
|
0-0: Ball 1-0: Ground out U3 (Groundball, 3S, EV 76.9 MPH)
|
Bottom of the 1st over - 0 runs, 0 hits, 0 errors, 0 left on base; El Paso 1 - Iowa 0 |
TOP OF THE 2ND |
El Paso Chihuahuas batting - Pitching for Iowa Cubs : RHP Dustin Buckner
|
Batting: LHB Robin More
|
0-0: Ball 1-0: Ground out 1-3 (Groundball, 13, EV 74.4 MPH)
|
Batting: RHB Robby Godwin
|
0-0: Ground out U3 (Groundball, 3, EV 86.2 MPH)
|
Batting: LHB Rich Atterberry
|
0-0: Ball 1-0: Ball 2-0: Called Strike 2-1: Ball 3-1: Foul Ball, location: 2F 3-2: Base on Balls
|
Batting: RHB Dave Cluster
|
0-0: Ball 1-0: Ball 2-0: Ball 3-0: Called Strike 3-1: Base on Balls Rich Atterberry to second
|
Batting: SHB Harrison McLaughlin
|
0-0: Called Strike 0-1: Swinging Strike 0-2: Foul Ball, location: 2F 0-2: Ball 1-2: Ball 2-2: Ball 3-2: Base on Balls Rich Atterberry to third Dave Cluster to second
|
Batting: RHB Dave McBain
|
0-0: Foul Ball, location: 2F 0-1: Ball 1-1: Swinging Strike 1-2: Ball 2-2: Ball 3-2: SINGLE (Groundball, 56D, EV 103.8 MPH) Rich Atterberry scores Dave Cluster to third Harrison McLaughlin to second Dave Cluster scores Harrison McLaughlin to third
|
Batting: LHB Carlos Cuellar
|
0-0: SINGLE (Groundball, 34D, EV 100.6 MPH) Harrison McLaughlin scores Dave McBain to second Runner from 2nd tries for 3rd, SAFE, throw by RF made to third
|
Batting: LHB Angel Mejia
|
0-0: Ball 1-0: Fly out, F8 (Flyball, 8RM, EV 82.5 MPH)
|
Top of the 2nd over - 3 runs, 2 hits, 0 errors, 2 left on base; El Paso 4 - Iowa 0 |
BOTTOM OF THE 2ND |
Iowa Cubs batting - Pitching for El Paso Chihuahuas : RHP Pat Matera
|
Pitching: LHP Shelby Rich
|
|
Batting: LHB Wing-tat Tai
|
0-0: Ball 1-0: Called Strike 1-1: SINGLE (Groundball, 34D, EV 103.1 MPH)
|
Batting: LHB Mark Ingram
|
0-0: Grounds into double play, U6-3 (Groundball, 4M, EV 87.5 MPH)
|
Batting: RHB Brad Santanello
|
0-0: Called Strike 0-1: Foul Ball, location: 2F 0-2: Foul Ball, location: 2F 0-2: Ball 1-2: Ball 2-2: Ball 3-2: Foul Ball, location: 2F 3-2: Ground out 1-3 (Groundball, P, EV 63.8 MPH)
|
Bottom of the 2nd over - 0 runs, 1 hit, 0 errors, 0 left on base; El Paso 4 - Iowa 0 |
TOP OF THE 3RD |
El Paso Chihuahuas batting - Pitching for Iowa Cubs : RHP Dustin Buckner
|
Batting: RHB Jerry Escamilla
|
0-0: Ball 1-0: Called Strike 1-1: Fly out, F8 (Flyball, 8RM, EV 88.1 MPH)
|
Batting: LHB Robin More
|
0-0: Ball 1-0: Swinging Strike 1-1: Foul Ball, location: 2F 1-2: Foul Ball, location: 2F 1-2: Fly out, F7 (Flyball, 78M, EV 84.4 MPH)
|
Batting: RHB Robby Godwin
|
0-0: Called Strike 0-1: Fly out, F7 (Flyball, 7, EV 76.2 MPH)
|
Top of the 3rd over - 0 runs, 0 hits, 0 errors, 0 left on base; El Paso 4 - Iowa 0 |
BOTTOM OF THE 3RD |
Iowa Cubs batting - Pitching for El Paso Chihuahuas : LHP Shelby Rich
|
Batting: LHB Angel Oropeza
|
0-0: Ball 1-0: SINGLE (Groundball, 4MD, EV 101.9 MPH) (infield hit)
|
Batting: RHB Ricardo Aguinaga
|
0-0: Called Strike 0-1: Ball 1-1: Ball 2-1: Foul Ball, location: 2F 2-2: Ball 3-2: Fielders Choice at 2nd, 4-6 (Groundball, 4M, EV 102.5 MPH)
|
Batting: SHB Karl Starnes
|
0-0: Foul Ball, location: 2F 0-1: Called Strike 0-2: SINGLE (Groundball, 34, EV 108.1 MPH) Ricardo Aguinaga to second Runner from 2nd tries for 3rd, SAFE, throw by RF made to third Karl Starnes to second
|
Batting: RHB Adam Kelliher
|
0-0: Foul Ball, location: 2F 0-1: Ground out 6-3 (Groundball, 6, EV 92.5 MPH) Ricardo Aguinaga scores
|
Batting: RHB Khalil Stephens
|
0-0: Ball 1-0: Called Strike 1-1: Called Strike 1-2: Strikes out swinging
|
Bottom of the 3rd over - 1 run, 2 hits, 0 errors, 1 left on base; El Paso 4 - Iowa 1 |
TOP OF THE 4TH |
El Paso Chihuahuas batting - Pitching for Iowa Cubs : RHP Dustin Buckner
|
Batting: LHB Rich Atterberry
|
0-0: Ball 1-0: Called Strike 1-1: Ball 2-1: Called Strike 2-2: Strikes out swinging
|
Batting: RHB Dave Cluster
|
0-0: Ball 1-0: DOUBLE (Line Drive, 8RXD, EV 98.1 MPH)
|
Batting: SHB Harrison McLaughlin
|
0-0: Foul Ball, location: 2F 0-1: Called Strike 0-2: Hit by Pitch
|
Batting: RHB Dave McBain
|
0-0: Ball 1-0: Foul Ball, location: 2F 1-1: Foul Ball, location: 2F 1-2: Ball 2-2: Ball 3-2: Ground out 6-3 (Groundball, P, EV 84.4 MPH) Dave Cluster to third Harrison McLaughlin to second
|
Batting: LHB Carlos Cuellar
|
0-0: Ball 1-0: Swinging Strike 1-1: Reached on error, E6 (Groundball, 56, EV 88.1 MPH) Dave Cluster scores Harrison McLaughlin to third
|
Pitching: LHP Tom Mooney
|
|
Batting: LHB Angel Mejia
|
0-0: Called Strike 0-1: SINGLE (Flyball, 9LS, EV 88.8 MPH) Harrison McLaughlin scores Carlos Cuellar to second Runner from 2nd tries for 3rd, SAFE, throw by RF made to third
|
Batting: RHB Jerry Escamilla
|
0-0: Called Strike 0-1: Ball 1-1: Ball 2-1: SINGLE (Line Drive, 89S, EV 103.1 MPH) Carlos Cuellar scores Angel Mejia to second
|
Batting: LHB Robin More
|
0-0: Ground out 4-3 (Groundball, 4D, EV 90.6 MPH)
|
Top of the 4th over - 3 runs, 3 hits, 1 error, 2 left on base; El Paso 7 - Iowa 1 |
BOTTOM OF THE 4TH |
Iowa Cubs batting - Pitching for El Paso Chihuahuas : LHP Shelby Rich
|
Batting: RHB Ryan Walker
|
0-0: Ball 1-0: Called Strike 1-1: Foul Ball, location: 2F 1-2: Ground out 4-3 (Groundball, 4, EV 83.8 MPH)
|
Batting: LHB Wing-tat Tai
|
0-0: Called Strike 0-1: Foul Ball, location: 2F 0-2: Ball 1-2: Ball 2-2: Fly out, F6 (Popup, 6MD, EV 54.4 MPH)
|
Batting: LHB Mark Ingram
|
0-0: Ball 1-0: Ball 2-0: Called Strike 2-1: Foul Ball, location: 2F 2-2: SINGLE (Groundball, 4MD, EV 96.2 MPH)
|
Pitching: RHP Carlos Sepulveda
|
|
Batting: RHB Brad Santanello
|
0-0: Ball 1-0: Called Strike 1-1: Foul Ball, location: 2F 1-2: Ball 2-2: Strikes out looking
|
Bottom of the 4th over - 0 runs, 1 hit, 0 errors, 1 left on base; El Paso 7 - Iowa 1 |
TOP OF THE 5TH |
El Paso Chihuahuas batting - Pitching for Iowa Cubs : LHP Tom Mooney
|
Batting: RHB Robby Godwin
|
0-0: Called Strike 0-1: Swinging Strike 0-2: SINGLE (Groundball, P, EV 80.6 MPH) (infield hit)
|
Batting: LHB Rich Atterberry
|
0-0: Ball 1-0: Called Strike 1-1: Fly out, F4 (Line Drive, 34D, EV 73.8 MPH)
|
Batting: RHB Dave Cluster
|
0-0: Ball 1-0: Ball 2-0: SINGLE (Groundball, 56S, EV 71.2 MPH) (infield hit) Robby Godwin to second
|
Batting: SHB Harrison McLaughlin
|
0-0: Ground out 5-3 (Groundball, 56S, EV 74.4 MPH) Robby Godwin to third Dave Cluster to second
|
Batting: RHB Dave McBain
|
0-0: Ball 1-0: Foul Ball, location: 2F 1-1: Ball 2-1: Ball 3-1: Base on Balls
|
Batting: LHB Carlos Cuellar
|
0-0: Swinging Strike 0-1: Called Strike 0-2: Fielders Choice at 2nd, 6-4 (Groundball, 4M, EV 111.2 MPH)
|
Top of the 5th over - 0 runs, 2 hits, 0 errors, 3 left on base; El Paso 7 - Iowa 1 |
BOTTOM OF THE 5TH |
Iowa Cubs batting - Pitching for El Paso Chihuahuas : RHP Carlos Sepulveda
|
Batting: LHB Angel Oropeza
|
0-0: Ball 1-0: Called Strike 1-1: Ground out U3 (Groundball, 3S, EV 86.2 MPH)
|
Batting: RHB Ricardo Aguinaga
|
0-0: Swinging Strike 0-1: Swinging Strike 0-2: Foul Ball, location: 2F 0-2: Ball 1-2: Ground out U3 (Groundball, 34S, EV 89.4 MPH)
|
Batting: SHB Karl Starnes
|
0-0: Ball 1-0: Ball 2-0: Called Strike 2-1: Foul Ball, location: 2F 2-2: Foul Ball, location: 2F 2-2: Ball 3-2: Foul Ball, location: 2F 3-2: Strikes out swinging
|
Bottom of the 5th over - 0 runs, 0 hits, 0 errors, 0 left on base; El Paso 7 - Iowa 1 |
TOP OF THE 6TH |
El Paso Chihuahuas batting - Pitching for Iowa Cubs : LHP Tom Mooney
|
Batting: LHB Angel Mejia
|
0-0: Called Strike 0-1: Ball 1-1: Ball 2-1: Ground out U3 (Groundball, 34S, EV 86.9 MPH)
|
Batting: RHB Jerry Escamilla
|
0-0: Ball 1-0: Called Strike 1-1: Ground out 5-3 (Groundball, 56S, EV 81.9 MPH)
|
Batting: LHB Robin More
|
0-0: Called Strike 0-1: Fly out, F9 (Flyball, 89D, EV 90.0 MPH)
|
Top of the 6th over - 0 runs, 0 hits, 0 errors, 0 left on base; El Paso 7 - Iowa 1 |
BOTTOM OF THE 6TH |
Iowa Cubs batting - Pitching for El Paso Chihuahuas : RHP Carlos Sepulveda
|
Batting: RHB Adam Kelliher
|
0-0: Called Strike 0-1: Swinging Strike 0-2: Strikes out swinging
|
Batting: RHB Khalil Stephens
|
0-0: Called Strike 0-1: Fly out, F7 (Flyball, 7, EV 80.6 MPH)
|
Batting: RHB Ryan Walker
|
0-0: Called Strike 0-1: Ball 1-1: SOLO HOME RUN (Flyball, 8LXD, EV 101.9 MPH), Distance : 417 ft
|
Batting: LHB Wing-tat Tai
|
0-0: Ball 1-0: Ball 2-0: Ball 3-0: Called Strike 3-1: Called Strike 3-2: Ground out 4-3 (Groundball, 4, EV 105.6 MPH)
|
Bottom of the 6th over - 1 run, 1 hit, 0 errors, 0 left on base; El Paso 7 - Iowa 2 |
TOP OF THE 7TH |
El Paso Chihuahuas batting - Pitching for Iowa Cubs : LHP Tom Mooney
|
Batting: RHB Robby Godwin
|
0-0: Called Strike 0-1: Fly out, F8 (Line Drive, 8LD, EV 101.2 MPH)
|
Batting: LHB Rich Atterberry
|
0-0: Called Strike 0-1: Ball 1-1: Ground out 4-3 (Groundball, 4S, EV 80.6 MPH)
|
Batting: RHB Dave Cluster
|
0-0: Called Strike 0-1: Swinging Strike 0-2: Strikes out looking
|
Top of the 7th over - 0 runs, 0 hits, 0 errors, 0 left on base; El Paso 7 - Iowa 2 |
BOTTOM OF THE 7TH |
Iowa Cubs batting - Pitching for El Paso Chihuahuas : RHP Carlos Sepulveda
|
Batting: LHB Mark Ingram
|
0-0: Ball 1-0: Ball 2-0: Called Strike 2-1: Foul Ball, location: 2F 2-2: SINGLE (Line Drive, 8RS, EV 106.2 MPH)
|
Batting: RHB Brad Santanello
|
0-0: Swinging Strike 0-1: Fly out, F8 (Line Drive, 78D, EV 96.9 MPH)
|
Pitching: RHP Ronnie DeVries
|
|
Batting: LHB Angel Oropeza
|
0-0: Ball Wild Pitch! Mark Ingram to second 1-0: Ball 2-0: Foul Ball, location: 2F 2-1: Ball 3-1: SINGLE (Groundball, 6MS, EV 68.8 MPH) (infield hit) Mark Ingram to third
|
Batting: RHB Ricardo Aguinaga
|
0-0: Swinging Strike 0-1: SINGLE (Groundball, 56D, EV 95.6 MPH) Mark Ingram scores Angel Oropeza to second
|
Batting: SHB Karl Starnes
|
0-0: Fly out, F7 (Flyball, 78S, EV 74.4 MPH)
|
Batting: RHB Adam Kelliher
|
0-0: Called Strike 0-1: Ball 1-1: Ball 2-1: Ball 3-1: Called Strike 3-2: Strikes out swinging
|
Bottom of the 7th over - 1 run, 3 hits, 0 errors, 2 left on base; El Paso 7 - Iowa 3 |
TOP OF THE 8TH |
El Paso Chihuahuas batting - Pitching for Iowa Cubs : LHP Tom Mooney
|
Pitching: RHP Karl Stuart
|
|
Batting: SHB Harrison McLaughlin
|
0-0: Foul Ball, location: 2F 0-1: Foul Ball, location: 2F 0-2: Ball 1-2: Fly out, F9 (Flyball, 9, EV 90.6 MPH)
|
Batting: RHB Dave McBain
|
0-0: Foul Ball, location: 2F 0-1: Ball 1-1: Ground out 6-3 (Groundball, 6S, EV 67.5 MPH)
|
Batting: LHB Carlos Cuellar
|
0-0: Called Strike 0-1: Ball 1-1: Called Strike 1-2: Fly out, F8 (Flyball, 8RS, EV 85.0 MPH)
|
Top of the 8th over - 0 runs, 0 hits, 0 errors, 0 left on base; El Paso 7 - Iowa 3 |
BOTTOM OF THE 8TH |
Iowa Cubs batting - Pitching for El Paso Chihuahuas : RHP Ronnie DeVries
|
Batting: RHB Khalil Stephens
|
0-0: Called Strike 0-1: Fly out, F7 (Flyball, 7LSF, EV 88.8 MPH)
|
Batting: RHB Ryan Walker
|
0-0: SINGLE (Groundball, 56D, EV 104.4 MPH)
|
Batting: LHB Wing-tat Tai
|
0-0: Ball 1-0: Swinging Strike 1-1: Foul Ball, location: 2F 1-2: Fly out, F9 (Flyball, 89S, EV 77.5 MPH)
|
Batting: LHB Mark Ingram
|
0-0: SINGLE (Line Drive, 6M, EV 99.4 MPH) Ryan Walker to second
|
Batting: RHB Brad Santanello
|
0-0: Ball 1-0: Swinging Strike 1-1: Ball 2-1: Fielders Choice at 2nd, 5-4 (Groundball, 5, EV 88.1 MPH)
|
Bottom of the 8th over - 0 runs, 2 hits, 0 errors, 2 left on base; El Paso 7 - Iowa 3 |
TOP OF THE 9TH |
El Paso Chihuahuas batting - Pitching for Iowa Cubs : RHP Karl Stuart
|
Batting: LHB Angel Mejia
|
0-0: Ground out 4-3 (Groundball, 34, EV 105.0 MPH)
|
Batting: RHB Jerry Escamilla
|
0-0: Called Strike 0-1: Swinging Strike 0-2: Strikes out swinging
|
Batting: LHB Robin More
|
0-0: Ball 1-0: Fly out, F9 (Flyball, 89XD, EV 85.0 MPH)
|
Top of the 9th over - 0 runs, 0 hits, 0 errors, 0 left on base; El Paso 7 - Iowa 3 |
BOTTOM OF THE 9TH |
Iowa Cubs batting - Pitching for El Paso Chihuahuas : RHP Ronnie DeVries
|
Pitching: RHP Jose Ramos
|
|
Batting: LHB Angel Oropeza
|
0-0: Ball 1-0: SOLO HOME RUN (Flyball, 9D, EV 99.4 MPH), Distance : 411 ft
|
Batting: RHB Ricardo Aguinaga
|
0-0: Called Strike 0-1: Foul Ball, location: 2F 0-2: Ground out 6-3 (Groundball, 6, EV 85.0 MPH)
|
Batting: SHB Karl Starnes
|
0-0: Swinging Strike 0-1: Foul Ball, location: 2F 0-2: Ball 1-2: Strikes out looking
|
Batting: RHB Adam Kelliher
|
0-0: Ball 1-0: Foul Ball, location: 2F 1-1: Ball 2-1: Swinging Strike 2-2: SINGLE (Groundball, 4MD, EV 99.4 MPH)
|
Batting: RHB Khalil Stephens
|
0-0: Ball 1-0: Swinging Strike 1-1: Ball 2-1: Foul Ball, location: 2F 2-2: Foul Ball, location: 2F 2-2: Ball 3-2: Foul Ball, location: 2F 3-2: Strikes out looking
|
Bottom of the 9th over - 1 run, 2 hits, 0 errors, 1 left on base; El Paso 7 - Iowa 4 |
|